 Dungeon Crawl Stone Soup version 0.24.1 (webtiles) character file.

Game seed: 6433649580027294192, levelgen mode: deterministic

15832 Peloso the Carver (level 12, 0/106 HPs)
             Began as a Minotaur Fighter on Mar 30, 2020.
             Was a High Priest of Okawaru.
             Slain by a reaper
             ... wielding a +0 scythe of freezing
              (2 damage)
             ... in an ice cave.
             The game lasted 00:28:51 (11390 turns).

Peloso the Carver (Minotaur Fighter)               Turns: 11390, Time: 00:28:51

Health: 0/106      AC: 31    Str: 24    XL:     12   Next: 4%
Magic:  9/11       EV: 13    Int:  8    God:    Okawaru [*****.]
Gold:   271        SH: 15    Dex:  9    Spells: 11/11 levels left

rFire    . . .     SeeInvis .   a - +0 falchion (flame)
rCold    + . .     Gourm    .   c - +0 shield
rNeg     + . .     Faith    .   C - +3 chain mail
rPois    +         Spirit   .   N - +1 hat {MR+}
rElec    .         Reflect  .   z - +1 cloak {rC+}
rCorr    .         Harm     .   A - +0 pair of gloves
MR       +....                  i - +4 pair of boots of the Circus Animal {rPois rN+ Int+3 Dex-3}
Stlth    ..........             (no amulet)
HPRegen  0.27/turn              l - ring of flight
MPRegen  0.12/turn              g - +4 ring of protection

@: heroism
A: retaliatory headbutt, horns 2
a: Heroism, Finesse, Renounce Religion, Evoke Flight


You were in an ice cave.
You worshipped Okawaru.
Okawaru was extremely pleased with you.
You were not hungry.

You visited 2 branches of the dungeon, and saw 12 of its levels.
You also visited: Ice Cave.

You collected 576 gold pieces.
You spent 305 gold pieces at shops.

Inventory:

Hand Weapons
 a - a +0 falchion of flaming (weapon)
Armour
 b - a +0 scale mail
 c - a +0 shield (worn)
 i - the +4 pair of boots of the Circus Animal (worn) {rPois rN+ Int+3 Dex-3}
   (You found it in an ice cave)

   It affects your intelligence (+3).
   It affects your dexterity (-3).
   It protects you from poison.
   It protects you from negative energy.
 o - a +0 chain mail
 z - a +1 cloak of cold resistance (worn)
 A - a +0 pair of gloves (worn)
 C - a +3 chain mail (worn)
 H - a +0 cloak
 N - a +1 hat of magic resistance (worn)
 O - a +2 cloak of magic resistance
Jewellery
 e - an uncursed ring of protection from fire
 g - a +4 ring of protection (right hand)
 l - a ring of flight (left hand)
 L - an uncursed ring of protection from fire
Wands
 t - a wand of polymorph (6)
 D - a wand of disintegration (20)
 F - a wand of digging (1)
 K - a wand of iceblast (11)
Scrolls
 h - 7 scrolls of teleportation
 m - 6 scrolls of remove curse
 p - a scroll of amnesia
 q - a scroll of noise
 u - 6 scrolls of fear
 v - 3 scrolls of magic mapping
 y - 2 scrolls of enchant armour
 E - a scroll of enchant weapon {unknown}
 I - a scroll of brand weapon {unknown}
 J - a scroll of blinking {unknown}
Potions
 d - 5 potions of might
 j - 3 potions of invisibility
 k - a potion of heal wounds
 n - 2 potions of cancellation
 r - 4 potions of curing
 s - a potion of haste
 w - 4 potions of agility
 x - 3 potions of flight
 B - 2 potions of mutation
 M - a potion of berserk rage
Comestibles
 f - 24 rations


   Skills:
 + Level 9.9(14.9) Fighting
 + Level 13.6(18.6) Long Blades
 + Level 10.3(15.3) Armour
 + Level 5.5(10.5) Dodging
 + Level 0.9(5.9) Stealth
 + Level 12.3(17.3) Shields
 + Level 0.5 Invocations


You had 11 spell levels left.
You didn't know any spells.
Your spell library contained the following spells:

 Spells                   Type           Power        Failure   Level  Hunger
 Animate Skeleton         Necr           N/A          87%         1    ##.....
 Apportation              Tloc           #.....       87%         1    ##.....
 Confusing Touch          Hex            #.....       87%         1    ##.....
 Summon Butterflies       Summ           #.......     87%         1    ##.....
 Summon Small Mammal      Summ           #...         87%         1    ##.....
 Call Canine Familiar     Summ           #.......     99%         3    ####...
 Summon Ice Beast         Ice/Summ       #.......     100%        4    #####..
 Summon Mana Viper        Hex/Summ       #.......     100%        5    ######.
 Summon Hydra             Summ           #.........   100%        7    #######


Dungeon Overview and Level Annotations

Branches:
Dungeon (11/15)            Temple (1/1) D:6            Lair (0/6) D:8
    Orc (0/2) D:10          IceCv (1/1)

Altars:
Ashenzari
Cheibriados
Dithmenos
Elyvilon
Fedhas
Gozag
Hepliaklqana
Kikubaaqudgha
Makhleb
Nemelex Xobeh
Okawaru
Qazlal
Ru
Sif Muna
Trog
Uskayaw
Vehumet
Wu Jian
Xom
Yredelemnul
Zin
The Shining One

Shops:
D:6 *   D:7 [   D:8 *   D:9 !   D:11 *

Annotations:
D:7 Prince Ribbit
D:11 1 runed translucent door


Innate Abilities, Weirdness & Mutations

You reflexively headbutt those who attack you in melee.
You have a pair of horns on your head.


Message History

The reaper is heavily wounded.
You block the reaper's attack.
You hit the reaper but do no damage.
You headbutt the reaper, but do no damage.
The reaper is heavily wounded.
You hit the reaper but do no damage. Your headbutt misses the reaper.
The reaper is heavily wounded.
You block the reaper's attack.
You hit the reaper but do no damage.
The reaper is heavily wounded.
You closely miss the reaper.
The reaper is heavily wounded.
The reaper hits you with a +0 scythe of freezing!!
You hit the reaper. You burn the reaper.
The reaper is heavily wounded.
You gain the combat prowess of a mighty hero.
The reaper hits you with a +0 scythe of freezing!!
* * * LOW HITPOINT WARNING * * *
The reaper freezes you.
You die...

#### ###§§○§..☼§..§# #
###○§§§##.§.§..○○§# #
#.§§.§##§°####.○§§§§#
#°§§§#§§§☼....#..§☼§§§#
#
#.§☼§###.§§...##§§...§§
## #☼§§§
##......##....§§ .#
##§§. ....§#...........
!# ##§.
###§.#..###..... ## ###
....#@....#..# ##
.....#2....# ## .##
.##......### ..#
.....### ..# #.### .##
§. ## #?) # ##


You could see a reaper.

Vanquished Creatures
  Gastronok (D:10)
  A hydra (D:8)
  2 dancing weapons (D:7)
  Pikel (D:6)
  2 ice statues (IceCv)
  Joseph (D:9)
  A centaur skeleton (D:10)
  8 ice devils (IceCv)
  A hornet (D:11)
  A hippogriff (D:7)
  Grinder (D:4)
  2 dream sheep (D:8)
  7 yaks
  A wyvern (D:9)
  2 basilisks
  A hungry ghost (D:10)
  A steam dragon (D:10)
  Menkaure (D:4)
  A water moccasin (D:10)
  2 porcupines (D:7)
  A sky beast (D:7)
  2 ice beasts (D:10)
  2 black bears (D:7)
  An orc warrior (D:9)
  7 ogres
  6 phantoms
  A necrophage (D:9)
  3 wolves
  3 centaurs
  2 crocodiles (D:8)
  5 big kobolds
  4 bullfrogs
  A gnoll sergeant (D:7)
  A wyvern zombie (D:9)
  4 scorpions
  8 wights
  2 howler monkeys
  2 electric eels (D:9)
  4 crimson imps
  4 bullfrog zombies
  2 jellies (D:10)
  A centaur zombie (D:5)
  3 hounds
  An orc priest (D:9)
  13 orc wizards
  2 gnoll shamans (D:7)
  Crazy Yiuf (D:7)
  Natasha (thrice) (D:4)
  2 iguanas (D:4)
  3 worker ants
  2 hound skeletons
  A worker ant zombie (D:5)
  2 howler monkey skeletons
  15 gnolls
  7 adders
  5 shadow imps
  18 white imps
  6 ufetubi (IceCv)
  2 oozes
  An adder skeleton (D:8)
  2 worms
  A dart slug (D:1)
  9 leopard geckos
  21 orcs
  11 bats
  10 giant cockroaches
  6 goblins
  12 hobgoblins
  13 jackals
  7 quokkas
  A ball python (D:5)
  8 frilled lizards
  A jackal skeleton (D:4)
  22 kobolds
  A leopard gecko zombie (D:5)
  A quokka zombie (D:5)
  9 rats
  A plant (D:9)
327 creatures vanquished.

Vanquished Creatures (others)
  3 slaves (D:7)
  4 white imps (IceCv)
  4 ufetubi (IceCv)
  A plant (D:8)
12 creatures vanquished.

Grand Total: 339 creatures vanquished

Notes
Turn   | Place    | Note
-------+----------+-------------------------------------------
     0 | D:1      | Peloso the Minotaur Fighter began the quest for the Orb.
     0 | D:1      | Reached XP level 1. HP: 19/19 MP: 0/0
   156 | D:1      | Reached XP level 2. HP: 23/27 MP: 1/1
   397 | D:1      | Reached XP level 3. HP: 30/33 MP: 2/2
   643 | D:1      | Reached skill level 3 in Long Blades
  1260 | D:2      | Reached XP level 4. HP: 32/41 MP: 3/3
  1817 | D:2      | Reached XP level 5. HP: 25/47 MP: 4/4
  2076 | D:3      | Reached skill level 4 in Long Blades
  2423 | D:4      | Reached skill level 5 in Shields
  2458 | D:4      | Noticed an ogre
  2467 | D:4      | Killed an ogre
  2467 | D:4      | Reached skill level 5 in Armour
  2467 | D:4      | Reached skill level 1 in Dodging
  2467 | D:4      | Reached XP level 6. HP: 21/53 MP: 5/5
  2768 | D:4      | Noticed Natasha
  2779 | D:4      | Killed Natasha
  2906 | D:4      | Noticed Menkaure
  2907 | D:4      | Noticed Grinder
  2913 | D:4      | Reached skill level 5 in Long Blades
  2915 | D:4      | Killed Menkaure
  2915 | D:4      | Reached XP level 7. HP: 21/60 MP: 6/6
  3212 | D:4      | Killed Grinder
  3212 | D:4      | Reached skill level 5 in Fighting
  3212 | D:4      | Reached skill level 6 in Long Blades
  3391 | D:4      | Noticed Natasha
  3404 | D:4      | Killed Natasha
  3448 | D:4      | Noticed Natasha
  3465 | D:4      | Killed Natasha
  3538 | D:5      | Entered Level 5 of the Dungeon
  3627 | D:5      | Reached XP level 8. HP: 55/68 MP: 7/7
  3877 | D:5      | Reached skill level 7 in Long Blades
  4552 | D:6      | Found Aptezath's General Store.
  4639 | D:6      | Found a staircase to the Ecumenical Temple.
  4641 | D:6      | Reached skill level 8 in Long Blades
  4664 | Temple   | Entered the Ecumenical Temple
  4806 | Temple   | Became a worshipper of Warmaster Okawaru
  5036 | D:6      | Bought a potion of mutation for 104 gold pieces
  5310 | D:7      | Found Umuonase's Antique Armour Shop.
  5328 | D:7      | Noticed Pikel
  5332 | D:7      | Noticed a hippogriff
  5359 | D:7      | Killed a hippogriff
  5359 | D:7      | Reached XP level 9. HP: 51/78 MP: 8/8
  5370 | D:6      | Killed Pikel
  5370 | D:6      | Reached * piety under Okawaru
  5370 | D:6      | Reached skill level 9 in Long Blades
  5434 | D:7      | Noticed a +0 dagger
  5434 | D:7      | Noticed a +0 dagger
  5436 | D:7      | Noticed Prince Ribbit
  5438 | D:7      | Found a hide-covered altar of Uskayaw.
  5461 | D:7      | Killed a +0 dagger
  5461 | D:7      | Reached skill level 10 in Long Blades
  5465 | D:7      | Killed a +0 dagger
  5465 | D:7      | Reached ** piety under Okawaru
  5465 | D:7      | Reached XP level 10. HP: 56/88 MP: 6/9
  5656 | D:7      | Found a runed translucent door.
  5657 | D:7      | Noticed Crazy Yiuf
  6275 | D:7      | Killed Crazy Yiuf
  6341 | D:8      | Found a staircase to the Lair.
  6409 | D:7      | Reached skill level 11 in Long Blades
  6471 | D:7      | Reached *** piety under Okawaru
  6815 | D:8      | Found Myiriubi's Assorted Antiques.
  6823 | D:8      | Bought a twisted emerald amulet for 90 gold pieces
  6823 | D:8      | Bought a scroll labeled WUL VYMNOZO for 18 gold pieces
  6831 | D:8      | Bought a scroll labeled MOIXAO QIAGE for 18 gold pieces
  6966 | D:8      | Reached skill level 10 in Shields
  7071 | D:8      | Noticed a two-headed hydra
  7077 | D:8      | Killed a one-headed hydra
  7166 | D:8      | Found a shimmering altar of Xom.
  7289 | D:8      | Reached skill level 12 in Long Blades
  7562 | D:9      | Reached **** piety under Okawaru
  7682 | D:9      | Reached XP level 11. HP: 49/97 MP: 7/10
  8000 | D:9      | Noticed Joseph
  8029 | D:9      | Killed Joseph
  8082 | D:9      | Found Hunahasi's Distillery.
  8087 | D:9      | Bought a potion of berserk rage for 75 gold pieces
  8406 | D:10     | Entered Level 10 of the Dungeon
  8611 | D:10     | Noticed Gastronok
  8639 | D:10     | Killed Gastronok
  8639 | D:10     | Reached skill level 10 in Armour
  8688 | D:10     | Reached ***** piety under Okawaru
  8797 | D:10     | Found a staircase to the Orcish Mines.
  8892 | D:10     | Reached skill level 13 in Long Blades
  9286 | D:11     | Paralysed by a hornet for 2 turns
  9295 | D:11     | Received a gift from Okawaru
  9364 | D:11     | Found a frozen archway.
  9565 | D:11     | Found a runed translucent door.
  9581 | D:11     | Found Neobapok's Assorted Antiques.
  9599 | IceCv    | Entered an ice cave
 10670 | IceCv    | Reached skill level 5 in Dodging
 10754 | IceCv    | Got a pair of translucent boots
 10760 | IceCv    | Identified the +4 pair of boots of the Circus Animal {rPois
                  | rN+ Int+3 Dex-3} (You found it in an ice cave)
 11244 | IceCv    | Reached XP level 12. HP: 86/106 MP: 8/11
 11301 | IceCv    | Noticed a reaper
 11390 | IceCv    | HP: 2/106 [reaper/+0 scythe of freezing (30)]
 11390 | IceCv    | Slain by a reaper

Levels and vault maps discovered:
D:1:      kilobyte_arrival_exit_the_forest, layout_basic
D:2:      minmay_razor_zed, layout_loops_ring, corexii_leaking_fountain,
          minmay_diced_spiral
D:3:      layout_rooms, first_ration
D:4:      layout_loops_cross, chequers_serial_rivers_room_b,
          corexii_item_surrounded_by_moat, kennysheep_nub, uniq_menkaure,
          uniq_grinder, uniq_natasha
D:5:      layout_cave_pods
D:6:      minmay_flawed_box, layout_cave_pools, minmay_temple_entry_water_ring,
          serial_shops, nicolae_shop_window_shopping
D:7:      layout_layer_cave, dancing_weapons_uskayaw, serial_shops, shop,
          uniq_pikel, uniq_prince_ribbit1, uniq_crazy_yiuf_cottage
D:8:      layout_basic, minmay_lair_entry_grove, serial_shops, shop,
          basic_altar, hangedman_ranch [blue_anna_fruit_fields]
D:9:      layout_basic, serial_shops, shop, serial_bayou_lagoon_a,
          corexii_corridor_pit, uniq_joseph
D:10:     layout_irregular_city, orc_0_dummy, minmay_unpleasant_kobolds,
          uniq_gastronok
D:11:     layout_irregular_city, serial_shops, nicolae_shop_statue_plus,
          portal_ice_cave_entry_imps, hellmonk_ghost_happy_afterlife
Temple:   minmay_crystal_snake_temple
IceCv:    ice_cave_small_demon

Skill      XL: |  1  2  3  4  5  6  7  8  9 10 11 |
---------------+----------------------------------+-----
Fighting       | 4 5 6 7 9 |  9.9
Armour         | 4 5 6 7 9 10 | 10.3
Shields        | 4 5 6 7 8 9 10 12 | 12.3
Long Blades    | 3 4 5 6 8 10 12 13 | 13.6
Dodging        | 1 2 3 4 5 |  5.5
Stealth        | |  0.9
Invocations    | |  0.5

Action                   |  1- 3 |  4- 6 |  7- 9 | 10-12 || total
-------------------------+-------+-------+-------+-------++-------
Melee: Long sword        |   124 |   155 |   271 |   176 ||   726
       Headbutt          |    18 |    20 |    57 |   212 ||   307
       Falchion          |       |       |       |   698 ||   698
Invok: Heroism           |       |       |     1 |     9 ||    10
Evoke: Wand              |       |       |       |     3 ||     3
  Use: Scroll            |     3 |     4 |     4 |     7 ||    18
       Potion            |     2 |       |       |     1 ||     3
  Eat: Chunk             |     1 |     5 |     5 |    16 ||    27
       Ration            |       |       |     1 |     2 ||     3
Armor: Scale mail        |    90 |     5 |       |       ||    95
       Chain mail        |       |   107 |   141 |   330 ||   578
Dodge: Dodged            |    54 |    43 |    75 |   225 ||   397
Block: Shield            |   101 |    98 |   151 |   449 ||   799
       Rpst.: Long sword |     9 |    15 |    15 |    11 ||    50
       Falchion          |       |       |       |    48 ||    48
